 Dungeon Crawl Stone Soup version 0.28-a0-512-g960c72b710 (webtiles) character file.

Game seed: 9526404078281926545

1890 Lekart the Chopper (level 8, -5/105 HPs)
             Began as a Black Draconian Abyssal Knight on Sept 22, 2021.
             Was a Priest of Lugonu.
             Slain by a yak (10 damage)
             ... on level 6 of the Dungeon.
             The game lasted 00:08:56 (6657 turns).

Lekart the Chopper (Black Draconian Abyssal Knight) Turns: 6657, Time: 00:08:56

Health: -5/105     AC: 24    Str: 16    XL:     8   Next: 92%
Magic:  12/12      EV:  2    Int: 10    God:    Lugonu [***...]
Gold:   234        SH:  4    Dex: 14    Spells: 7/7 levels left

rFire   . . .      SeeInvis .   d - +2 hand axe (flame)
rCold   . . .      Faith    .   i - +0 buckler
rNeg    + + +      Spirit   .   (armour unavailable)
rPois   +          Reflect  .   (helmet currently unavailable)
rElec   .          Harm     .   (cloak currently unavailable)
rCorr   .          Rampage  .   (gloves currently unavailable)
Will    .....      NoTele   +   (boots currently unavailable)
Stlth   +.........              (no amulet)
HPRegen 0.27/turn               (no ring)
MPRegen 0.13/turn               (no ring)

@: tree-form
A: stationary, stasis, torment immunity, boosted hp, (breathe lightning), AC +6,
unfitting armour, (electricity resistance), (cold-blooded)
a: Renounce Religion, Depart the Abyss, Bend Space, Banish


You were on level 6 of the Dungeon.
You worshipped Lugonu.
Lugonu was most pleased with you.
You were a tree.
You visited 1 branch of the dungeon, and saw 6 of its levels.
You visited the Abyss 1 time.

You collected 234 gold pieces.

Inventory:

Hand Weapons
 a - a +1 falchion
 d - a +2 hand axe of flaming (weapon)
Armour
 i - a +0 buckler (worn)
Jewellery
 h - an amulet of reflection
 p - a ring of protection from fire
 s - a +6 ring of dexterity
Wands
 f - a wand of iceblast (1)
 k - a wand of digging (14)
Scrolls
 b - 2 scrolls of teleportation {unknown}
 c - 2 scrolls of noise {unknown}
 e - a scroll of identify {unknown}
 g - 3 scrolls of blinking {unknown}
 m - a scroll of vulnerability {unknown}
 o - a scroll of summoning {unknown}
 t - a scroll of enchant armour {unknown}
Potions
 j - a potion of degeneration
 n - 2 potions of curing
 q - a potion of lignification
 r - a potion of flight {unknown}


   Skills:
 + Level 5.8 Fighting
 + Level 2.2 Long Blades
 + Level 7.1 Axes
 + Level 4.7 Dodging
 + Level 2.3 Shields
 * Level 6.2 Invocations
 + Level 0.9 Evocations


You had 7 spell levels left.
You didn't know any spells.
Your spell library contained the following spells:

 Spells                   Type           Power      Damage    Failure   Level
 Apportation              Tloc           0%         N/A       43%         1
 Corpse Rot               Necr/Air       N/A        N/A       56%         2
 Poisonous Vapours        Pois/Air       0%         N/A       56%         2
 Swiftness                Air            0%         N/A       80%         3
 Airstrike                Air            0%         N/A       99%         4
 Passage of Golubria      Tloc           N/A        N/A       99%         4
 Manifold Assault         Tloc           0%         N/A       100%        5
 Summon Forest            Summ/Tloc      0%         N/A       100%        5
 Summon Cactus Giant      Summ           0%         N/A       100%        6
 Summon Horrible Things   Summ           0%         N/A       100%        8


Dungeon Overview and Level Annotations

Branches:
Dungeon (6/15)             Temple (0/1) D:4

Altars:
Okawaru
Qazlal


Innate Abilities, Weirdness & Mutations

You are a tree.
Your roots penetrate the ground, keeping you stationary.
You cannot be teleported.
You are immune to unholy pain and torment.
Your maximum health is greatly increased.
Your equipment is partially melded.
((You can breathe wild blasts of lightning.))
((Your glossy black scales are hard. (AC +6)))
You cannot fit into any form of body armour.
((You are resistant to electric shocks. (rElec)))
((You are cold-blooded and may be slowed by cold attacks.))


Message History

You kill the yak!
Lugonu accepts your kill.
Your Axes skill increases to level 7!
You hit the yak but do no damage. You block the yak's attack.
You hit the yak. You burn the yak.
The yak is lightly wounded.
The yak gores you but does no damage.
You hit the yak. You burn the yak.
The yak is moderately wounded.
You block the yak's attack.
You slash the yak! You burn the yak.
The yak is heavily wounded.
Your resistance to elements expires.
The yak gores you.
* * * LOW HITPOINT WARNING * * *
You closely miss the yak.
The yak is heavily wounded.
The yak gores you but does no damage.
You hit the yak. You burn the yak.
The yak is severely wounded.
You hit the yak but do no damage.
The yak is severely wounded.
You block the yak's attack.
You closely miss the yak.
The yak is severely wounded.
The yak gores you.
* * * LOW HITPOINT WARNING * * *
You hit the yak. You burn the yak.
The yak is severely wounded.
The yak gores you.
* * * LOW HITPOINT WARNING * * *
You hit the yak. You burn the yak.
The yak is almost dead.
The yak gores you but does no damage.
You hit the yak. You burn the yak.
The yak is almost dead.
The yak gores you!
* * * LOW HITPOINT WARNING * * *
The yak gores you!
You die...

# #.#### ......
......##############
......'.......YY♣..#
......############.#####
...... #.##.. ......
#..#.# ......
#######.#.###### ......
................. ######
#######...#####..
##..#...... #))#......#


You could see 2 yaks.

Vanquished Creatures
  4 yaks (D:6)
  A steam dragon (D:6)
  An ice beast (D:6)
  An ogre (D:6)
  A necrophage (D:5)
  A centaur (D:3)
  A bullfrog (D:4)
  3 scorpions
  A water moccasin zombie (D:5)
  A bullfrog skeleton (D:6)
  4 hounds
  An iguana (D:4)
  An orc wizard (D:6)
  2 hound skeletons (D:4)
  A howler monkey zombie (D:3)
  11 adders
  11 gnolls
  A white imp (D:5)
  An ufetubus (D:5)
  An adder skeleton (D:4)
  2 worms
  10 orcs
  8 bats
  7 endoplasms
  4 giant cockroaches
  5 goblins
  5 hobgoblins
  3 jackals (D:5)
  6 quokkas
  7 ball pythons
  4 frilled lizards
  5 kobolds
  6 rats
121 creatures vanquished.

Notes
Turn   | Place    | Note
-------+----------+-------------------------------------------
     0 | Abyss:1  | Lekart the Draconian Abyssal Knight began the quest for the
                  | Orb.
     0 | Abyss:1  | Reached XP level 1. HP: 19/19 MP: 2/2
    55 | Abyss:1  | Found a corrupted altar of Lugonu.
    66 | Abyss:1  | Noticed a small abomination
   163 | Abyss:1  | Noticed a small abomination
   164 | D:1      | Escaped the Abyss
   316 | D:1      | Got Hiorisiq's Tome of Creative Orientation
   455 | D:1      | Reached * piety under Lugonu
   456 | D:1      | Reached XP level 2. HP: 21/27 MP: 3/3
   905 | D:1      | You fall into a shaft and drop 1 floor!
  1017 | D:2      | Reached XP level 3. HP: 33/33 MP: 4/4
  1084 | D:2      | Found a stormy altar of Qazlal.
  1092 | D:2      | Reached skill level 1 in Axes
  1119 | D:2      | Reached ** piety under Lugonu
  1609 | D:3      | Reached XP level 4. HP: 38/40 MP: 6/6
  1858 | D:3      | Found an iron altar of Okawaru.
  2102 | D:3      | Noticed a centaur
  2111 | D:3      | HP: 1/40 [centaur/arrow (11)]
  2119 | D:3      | Killed a centaur
  2120 | D:3      | Reached skill level 2 in Axes
  2120 | D:3      | Reached XP level 5. HP: 14/46 MP: 7/7
  2802 | D:4      | Found a staircase to the Ecumenical Temple.
  2881 | D:4      | Reached skill level 3 in Axes
  3156 | D:4      | Reached XP level 6. HP: 46/53 MP: 8/8
  3400 | D:4      | Got the Collected Works on Warped Air
  4438 | D:5      | Entered Level 5 of the Dungeon
  4458 | D:5      | Reached skill level 4 in Axes
  4458 | D:5      | Reached skill level 1 in Shields
  4458 | D:5      | Your scales start taking on a glossy black colour.
  4458 | D:5      | Reached XP level 7. HP: 44/60 MP: 10/10
  4458 | D:5      | Gained mutation: You are resistant to electric shocks.
                  | (rElec) [Black Draconian growth]
  5006 | D:5      | Reached *** piety under Lugonu
  5368 | D:5      | Reached skill level 5 in Axes
  5586 | D:5      | Reached skill level 5 in Fighting
  5931 | D:6      | Reached skill level 5 in Invocations
  5956 | D:6      | Reached XP level 8. HP: 18/68 MP: 11/11
  6423 | D:6      | Reached skill level 6 in Axes
  6647 | D:6      | Reached skill level 7 in Axes
  6657 | D:6      | HP: 5/105 [yak (11)]
  6657 | D:6      | Slain by a yak

Illustrated notes

Levels and vault maps discovered:
D:1:      psy_arrival_whirlpool, layout_basic, dk_noncrumbling_3, st_stairs_11,
          feat_on_display
D:2:      layout_rooms, basic_altar, st_stairs_3, minmay_misc_feat_doors,
          hangedman_glass_teeth
D:3:      layout_loops_ring, okawaru_ov_weapons_minmay,
          chequers_serial_rivers_micro_a, nrook_uturn,
          small_statue_intersection, feat_on_display
D:4:      layout_loops_corners, minmay_temple_entry_fiery
D:5:      layout_cave_pods
D:6:      layout_basic

Skill      XL: |  1  2  3  4  5  6  7  8 |
---------------+-------------------------+-----
Axes           | 1 2 3 4 5 7 |  7.1
Fighting       | 4 5 |  5.8
Invocations    | 3 4 5 6 |  6.2
Dodging        | 3 4 |  4.7
Shields        | 1 2 |  2.3
Long Blades    | |  2.2
Evocations     | |  0.9

Action                   |  1- 3 |  4- 6 |  7- 9 || total
-------------------------+-------+-------+-------++-------
Melee: Hand axe          |   108 |   149 |   159 ||   416
       Tailslap          |     9 |    13 |    29 ||    51
Invok: Depart the Abyss  |     1 |       |       ||     1
       Bend Space        |     5 |     3 |       ||     8
 Abil: Breathe Lightning |       |       |     2 ||     2
Evoke: Wand              |       |     7 |     3 ||    10
  Use: Potion            |       |     3 |     3 ||     6
 Stab: Sleeping          |     1 |     1 |       ||     2
Armor: Skin              |    45 |    43 |    43 ||   131
Dodge: Dodged            |    74 |    92 |    76 ||   242
Block: Buckler           |     3 |    26 |    31 ||    60

Table legend: (Time is in decaauts)
 A = Elapsed time spent in this place.
 B = Non-inter-level travel time spent in this place.
 C = Inter-level travel time spent in this place.
 D = Time resting spent in this place.
 E = Time spent auto-exploring this place.
 F = Levels seen in this place.
 G = Mean time per level.
                   A        B        C        D        E       F      G
               +--------+--------+--------+--------+--------+-----+--------+
         Total |   6736 |   6628 |    108 |   1301 |   4341 |   7 |  962.3 |
       Dungeon |   6571 |   6463 |    108 |   1301 |   4193 |   6 | 1095.2 |
         Abyss |    165 |    165 |      0 |      0 |    147 |   1 |  165.0 |
               +--------+--------+--------+--------+--------+-----+--------+

Top non-repeatable levels by time:
     D:4: 1587 daAuts
     D:5: 1468 daAuts
     D:3: 1278 daAuts
     D:6: 764 daAuts
     D:1: 760 daAuts
     D:2: 712 daAuts
 Abyss:1: 165 daAuts
